TOP OF THE 1ST |
Oceanside Aviators batting - Pitching for Bay City Bombers : RHP Jim Unknown
|
Pitching: RHP Jim Unknown
|
|
Batting: RHB Dan Mendoza
|
0-0: Called Strike 0-1: Swinging Strike 0-2: Ball 1-2: Strikes out swinging
|
Batting: RHB Travis Lee
|
0-0: Called Strike 0-1: Foul Ball, location: 2F 0-2: DOUBLE (Groundball, 5L)
|
Batting: RHB Jason Shaffer
|
0-0: Ball 1-0: Called Strike 1-1: Ball 2-1: Ball 3-1: Foul Ball, location: 2F 3-2: Strikes out looking
|
Batting: RHB Pepe Medina
|
0-0: Swinging Strike 0-1: Ball 1-1: Ground out 6-3 (Groundball, 6M)
|
Top of the 1st over - 0 run(s), 1 hit(s), 0 error(s), 1 left on base; Oceanside 0 - Bay City 0 |
BOTTOM OF THE 1ST |
Bay City Bombers batting - Pitching for Oceanside Aviators : RHP Leroy Picot
|
Pitching: RHP Leroy Picot
|
|
Batting: RHB Shaun Bowles
|
0-0: Foul Ball, location: 2F 0-1: Ball 1-1: Ball 2-1: Ball 3-1: Foul Ball, location: 2F 3-2: Base on Balls
|
Batting: LHB Bastyão Lizardo
|
0-0: Ball 1-0: Called Strike 1-1: Ball 2-1: Grounds into double play, 4-6-3 (Groundball, 4)
|
Batting: LHB Mito Rin
|
0-0: Ball 1-0: Ball 2-0: Ball 3-0: Called Strike 3-1: Swinging Strike 3-2: Strikes out swinging
|
Bottom of the 1st over - 0 run(s), 0 hit(s), 0 error(s), 0 left on base; Oceanside 0 - Bay City 0 |
TOP OF THE 2ND |
Oceanside Aviators batting - Pitching for Bay City Bombers : RHP Jim Unknown
|
Batting: SHB Joe Mueller
|
0-0: Called Strike 0-1: Foul Ball, location: 2F 0-2: Ground out 1-3 (Groundball, 15)
|
Batting: SHB Todd Cisneros
|
0-0: Ground out 6-3 (Groundball, 6)
|
Batting: RHB Alberto Trejo
|
0-0: Ball 1-0: Swinging Strike 1-1: SINGLE (Line Drive, 6M)
|
Batting: SHB Mark Kennedy
|
0-0: Ball 1-0: SINGLE (Popup, 7S) Alberto Trejo to second
|
Batting: RHB Jackson Shewman
|
0-0: Called Strike 0-1: Called Strike 0-2: Ball 1-2: Ball 2-2: Foul Ball, location: 2F 2-2: Foul Ball, location: 2F 2-2: Ball 3-2: Ground out 6-3 (Groundball, 6)
|
Top of the 2nd over - 0 run(s), 2 hit(s), 0 error(s), 2 left on base; Oceanside 0 - Bay City 0 |
BOTTOM OF THE 2ND |
Bay City Bombers batting - Pitching for Oceanside Aviators : RHP Leroy Picot
|
Batting: RHB Jim Unknown
|
0-0: Called Strike 0-1: Ball 1-1: Ball 2-1: Foul Ball, location: 2F 2-2: Foul Ball, location: 2F 2-2: Fly out, F9 (Flyball, 9M)
|
Batting: RHB Luis Díaz
|
0-0: Foul Ball, location: 2F 0-1: Called Strike 0-2: Ball 1-2: Strikes out swinging
|
Batting: RHB Daniel Rose
|
0-0: Foul Ball, location: 2F 0-1: Called Strike 0-2: Foul Ball, location: 2F 0-2: Ball 1-2: Foul Ball, location: 2F 1-2: Ball 2-2: Foul Ball, location: 2F 2-2: Ball 3-2: Fly out, F9 (Flyball, 9M)
|
Bottom of the 2nd over - 0 run(s), 0 hit(s), 0 error(s), 0 left on base; Oceanside 0 - Bay City 0 |
TOP OF THE 3RD |
Oceanside Aviators batting - Pitching for Bay City Bombers : RHP Jim Unknown
|
Batting: RHB Dan Mendoza
|
0-0: Called Strike 0-1: Ball 1-1: Ground out 1-3 (Groundball, 13S)
|
Batting: RHB Travis Lee
|
0-0: Called Strike 0-1: Foul Ball, location: 2F 0-2: Ball 1-2: Ball 2-2: Foul Ball, location: 2F 2-2: Fly out, F6 (Popup, 6S)
|
Batting: RHB Jason Shaffer
|
0-0: Fly out, F9 (Flyball, 9D)
|
Top of the 3rd over - 0 run(s), 0 hit(s), 0 error(s), 0 left on base; Oceanside 0 - Bay City 0 |
BOTTOM OF THE 3RD |
Bay City Bombers batting - Pitching for Oceanside Aviators : RHP Leroy Picot
|
Batting: LHB Guy Riley
|
0-0: Ball 1-0: Ball 2-0: Ground out 4-3 (Groundball, 4)
|
Batting: RHB Barry Martínez
|
0-0: Foul Ball, location: 2F 0-1: Swinging Strike 0-2: Ground out 1-3 (Groundball, 25)
|
Batting: RHB Aaron Phillips
|
0-0: Called Strike 0-1: Ball 1-1: Swinging Strike 1-2: Ball 2-2: Foul Ball, location: 2F 2-2: Strikes out swinging
|
Bottom of the 3rd over - 0 run(s), 0 hit(s), 0 error(s), 0 left on base; Oceanside 0 - Bay City 0 |
TOP OF THE 4TH |
Oceanside Aviators batting - Pitching for Bay City Bombers : RHP Jim Unknown
|
Batting: RHB Pepe Medina
|
0-0: Swinging Strike 0-1: Foul Ball, location: 2F 0-2: Strikes out looking
|
Batting: SHB Joe Mueller
|
0-0: Called Strike 0-1: Foul Ball, location: 2F 0-2: Ball 1-2: Strikes out swinging
|
Batting: SHB Todd Cisneros
|
0-0: Foul Ball, location: 2F 0-1: Fly out, F7 (Flyball, 7M)
|
Top of the 4th over - 0 run(s), 0 hit(s), 0 error(s), 0 left on base; Oceanside 0 - Bay City 0 |
BOTTOM OF THE 4TH |
Bay City Bombers batting - Pitching for Oceanside Aviators : RHP Leroy Picot
|
Batting: RHB Shaun Bowles
|
0-0: Called Strike 0-1: Swinging Strike 0-2: Foul Ball, location: 2F 0-2: Strikes out swinging
|
Batting: LHB Bastyão Lizardo
|
0-0: Called Strike 0-1: Foul Ball, location: 2F 0-2: Ball 1-2: Ground out 6-3 (Groundball, 6)
|
Batting: LHB Mito Rin
|
0-0: Foul Ball, location: 2F 0-1: Ball 1-1: Called Strike 1-2: Strikes out swinging
|
Bottom of the 4th over - 0 run(s), 0 hit(s), 0 error(s), 0 left on base; Oceanside 0 - Bay City 0 |
TOP OF THE 5TH |
Oceanside Aviators batting - Pitching for Bay City Bombers : RHP Jim Unknown
|
Batting: RHB Alberto Trejo
|
0-0: Foul Ball, location: 2F 0-1: Ball 1-1: Ball 2-1: Called Strike 2-2: Strikes out swinging
|
Batting: SHB Mark Kennedy
|
0-0: Called Strike 0-1: Ball 1-1: Called Strike 1-2: TRIPLE (Line Drive, 9LS)
|
Batting: RHB Jackson Shewman
|
0-0: Called Strike 0-1: Ground out 6-3 (Groundball, 6M)
|
Batting: RHB Dan Mendoza
|
0-0: Ball 1-0: Foul Ball, location: 2F 1-1: Ball 2-1: Fly out, F9 (Flyball, 9S)
|
Top of the 5th over - 0 run(s), 1 hit(s), 0 error(s), 1 left on base; Oceanside 0 - Bay City 0 |
BOTTOM OF THE 5TH |
Bay City Bombers batting - Pitching for Oceanside Aviators : RHP Leroy Picot
|
Batting: RHB Jim Unknown
|
0-0: Ball 1-0: Called Strike 1-1: Ball 2-1: Ball 3-1: Base on Balls
|
Batting: RHB Luis Díaz
|
0-0: Called Strike 0-1: Foul Ball, location: 2F 0-2: Ball 1-2: Foul Ball, location: 2F 1-2: Ball 2-2: Foul Ball, location: 2F 2-2: Strikes out looking
|
Batting: RHB Daniel Rose
|
0-0: Called Strike 0-1: Called Strike 0-2: Fly out, F9 (Line Drive, 89S)
|
Batting: LHB Guy Riley
|
0-0: Ball 1-0: Fielders Choice at 2nd, 6-4 (Groundball, 6)
|
Bottom of the 5th over - 0 run(s), 0 hit(s), 0 error(s), 0 left on base; Oceanside 0 - Bay City 0 |
TOP OF THE 6TH |
Oceanside Aviators batting - Pitching for Bay City Bombers : RHP Jim Unknown
|
Batting: RHB Travis Lee
|
0-0: Called Strike 0-1: Foul Ball, location: 2F 0-2: Foul Ball, location: 2F 0-2: Ball 1-2: DOUBLE (Flyball, 9LM)
|
Batting: RHB Jason Shaffer
|
0-0: Foul Ball, location: 2F 0-1: Ball 1-1: Swinging Strike 1-2: Foul Ball, location: 2F 1-2: Ball 2-2: DOUBLE (Flyball, 78D) Travis Lee scores
|
Batting: RHB Pepe Medina
|
0-0: Ball 1-0: Ball 2-0: Called Strike 2-1: Ball 3-1: Foul Ball, location: 2F 3-2: Fly out, F6 (Popup, 6MS)
|
Batting: SHB Joe Mueller
|
0-0: DOUBLE (Line Drive, 7D) Jason Shaffer scores
|
Batting: SHB Todd Cisneros
|
0-0: Called Strike 0-1: Ground out 4-3 (Groundball, 4) Joe Mueller to third
|
Batting: RHB Alberto Trejo
|
0-0: Ball 1-0: Ball 2-0: Called Strike 2-1: Called Strike 2-2: Foul Ball, location: 2F 2-2: Strikes out swinging
|
Top of the 6th over - 2 run(s), 3 hit(s), 0 error(s), 1 left on base; Oceanside 2 - Bay City 0 |
BOTTOM OF THE 6TH |
Bay City Bombers batting - Pitching for Oceanside Aviators : RHP Leroy Picot
|
Batting: RHB Barry Martínez
|
0-0: Called Strike 0-1: Called Strike 0-2: Fly out, F9 (Popup, 34D)
|
Batting: RHB Aaron Phillips
|
0-0: Fly out, F7 (Line Drive, 78D)
|
Batting: RHB Shaun Bowles
|
0-0: Called Strike 0-1: Ball 1-1: Ball 2-1: Foul Ball, location: 2F 2-2: Ball 3-2: Ground out U3 (Groundball, 3L)
|
Bottom of the 6th over - 0 run(s), 0 hit(s), 0 error(s), 0 left on base; Oceanside 2 - Bay City 0 |
TOP OF THE 7TH |
Oceanside Aviators batting - Pitching for Bay City Bombers : RHP Jim Unknown
|
Pitching: RHP Michael McGinnity
|
|
Batting: SHB Mark Kennedy
|
0-0: Foul Ball, location: 2F 0-1: Ball 1-1: Fly out, F8 (Line Drive, 8RM)
|
Batting: RHB Jackson Shewman
|
0-0: Called Strike 0-1: Ball 1-1: Foul Ball, location: 2F 1-2: Foul Ball, location: 2F 1-2: SINGLE (Groundball, 5D)
|
Batting: RHB Dan Mendoza
|
0-0: Ball 1-0: Foul Ball, location: 2F 1-1: Ball 2-1: Fly out, F9 (Flyball, 9M)
|
Batting: RHB Travis Lee
|
0-0: Ball 1-0: Foul Ball, location: 2F 1-1: Ball 2-1: Called Strike 2-2: Ball 3-2: Base on Balls Jackson Shewman to second
|
Batting: RHB Jason Shaffer
|
0-0: Called Strike 0-1: Called Strike 0-2: Foul Ball, location: 2F 0-2: Fly out, F7 (Flyball, 7D)
|
Top of the 7th over - 0 run(s), 1 hit(s), 0 error(s), 2 left on base; Oceanside 2 - Bay City 0 |
BOTTOM OF THE 7TH |
Bay City Bombers batting - Pitching for Oceanside Aviators : RHP Leroy Picot
|
Batting: LHB Bastyão Lizardo
|
0-0: Ball 1-0: Swinging Strike 1-1: Called Strike 1-2: Ball 2-2: Fly out, F9 (Flyball, 89S)
|
Batting: LHB Mito Rin
|
0-0: Ball 1-0: Swinging Strike 1-1: Ball 2-1: SINGLE (Groundball, 56)
|
Pitching: RHP Richard Brown
|
|
Batting: RHB Jim Unknown
|
0-0: Ball 1-0: Ball 2-0: Foul Ball, location: 2F 2-1: SINGLE (Line Drive, 5D) Mito Rin to second
|
Pinch Hitting: LHB Brad Shockley
|
0-0: 3-RUN HOME RUN (Flyball, 9D), Distance : 387 ft
|
Batting: RHB Daniel Rose
|
0-0: Ball 1-0: Swinging Strike 1-1: Ball 2-1: Ball 3-1: Fly out, F7 (Flyball, 7LM)
|
Batting: LHB Guy Riley
|
0-0: Fly out, F8 (Line Drive, 8LM)
|
Bottom of the 7th over - 3 run(s), 3 hit(s), 0 error(s), 0 left on base; Oceanside 2 - Bay City 3 |
TOP OF THE 8TH |
Oceanside Aviators batting - Pitching for Bay City Bombers : RHP Michael McGinnity
|
Pitching: RHP Ricardo DePay
|
|
Now at 2B: John Doyle
|
|
Batting: RHB Pepe Medina
|
0-0: Ball 1-0: Ball 2-0: Ball 3-0: Swinging Strike 3-1: Ground out 6-3 (Groundball, 6)
|
Batting: SHB Joe Mueller
|
0-0: Swinging Strike 0-1: Called Strike 0-2: Ball 1-2: Strikes out looking
|
Pitching: LHP Juan Correa
|
|
Batting: SHB Todd Cisneros
|
0-0: Foul Ball, location: 2F 0-1: Foul Ball, location: 2F 0-2: Strikes out swinging
|
Top of the 8th over - 0 run(s), 0 hit(s), 0 error(s), 0 left on base; Oceanside 2 - Bay City 3 |
BOTTOM OF THE 8TH |
Bay City Bombers batting - Pitching for Oceanside Aviators : RHP Richard Brown
|
Batting: RHB Barry Martínez
|
0-0: Ball 1-0: Ground out 1-3 (Groundball, 15)
|
Batting: RHB Aaron Phillips
|
0-0: Ball 1-0: Foul Ball, location: 2F 1-1: Ball 2-1: Ball 3-1: Base on Balls
|
Batting: RHB Shaun Bowles
|
0-0: Fly out, F7 (Flyball, 78S)
|
Batting: LHB Bastyão Lizardo
|
0-0: Ground out 4-3 (Groundball, 4)
|
Bottom of the 8th over - 0 run(s), 0 hit(s), 0 error(s), 1 left on base; Oceanside 2 - Bay City 3 |
TOP OF THE 9TH |
Oceanside Aviators batting - Pitching for Bay City Bombers : LHP Juan Correa
|
Pitching: RHP Jim Unknown
|
|
Pinch Hitting: RHB Jim Unknown
|
0-0: Swinging Strike 0-1: Ball 1-1: Ball 2-1: SINGLE (Line Drive, 3L)
|
Batting: SHB Mark Kennedy
|
0-0: Bunted foul 0-1: Ball 1-1: Bunted foul 1-2: Foul Ball, location: 2F 1-2: Ball 2-2: Strikes out looking
|
Pinch Hitting: RHB Roberto Machado
|
0-0: Ball 1-0: Called Strike 1-1: Ball 2-1: Foul Ball, location: 2F 2-2: Grounds into double play, 6-4-3 (Groundball, 6M)
|
Top of the 9th over - 0 run(s), 1 hit(s), 0 error(s), 0 left on base; Oceanside 2 - Bay City 3 |
|